 Dungeon Crawl Stone Soup version 0.27.1-33-g824d729ab1 (webtiles) character file.

Game seed: 4172149448008087013

32 lonewolfV2 the Shield-Bearer (level 3, -2/24 HPs)
             Began as a Gargoyle Fighter on Dec 14, 2021.
             Slain by a worm (5 damage)
             ... on level 2 of the Dungeon.
             The game lasted 00:01:07 (795 turns).

lonewolfV2 the Shield-Bearer (Gargoyle Fighter)      Turns: 795, Time: 00:01:08

Health: -2/24      AC: 10    Str: 20    XL:     3   Next: 25%
Magic:  3/3        EV:  4    Int:  8    God:
Gold:   0          SH:  9    Dex:  9    Spells: 2/2 levels left

rFire    . . .     SeeInvis .   a - +0 long sword
rCold    . . .     Faith    .   c - +0 kite shield
rNeg     + . .     Spirit   .   b - +0 scale mail
rPois    ∞         Reflect  .   (no helmet)
rElec    +         Harm     .   (no cloak)
rCorr    .         Rampage  .   (no gloves)
Will     .....                  (no boots)
Stlth    ..........             (no amulet)
HPRegen  0.08/turn              (no ring)
MPRegen  0.08/turn              (no ring)

@: constricted
A: sickness immunity, AC +3, negative energy resistance 1, electricity
resistance, torment resistance 1, petrification resistance
a: no special abilities


You were on level 2 of the Dungeon.
You visited 1 branch of the dungeon, and saw 2 of its levels.

Inventory:

Hand Weapons
 a - a +0 long sword (weapon)
Armour
 b - a +0 scale mail (worn)
 c - a +0 kite shield (worn)
Scrolls
 e - a scroll of identify {unknown}
Potions
 d - a potion of might
 f - a potion of flight {unknown}
 g - a potion of magic {unknown}


   Skills:
 + Level 3.7 Fighting
 + Level 2.1 Long Blades
 + Level 3.6 Armour
 + Level 3.7 Shields


You had 2 spell levels left.
You didn't know any spells.
Your spell library was empty.

Dungeon Overview and Level Annotations

Branches:
Dungeon (2/15)

Altars:


Innate Abilities, Weirdness & Mutations

You are immune to sickness and miasma.
Your stone body is resilient. (AC +3)
You are immune to poison.
You resist negative energy. (rN+)
You are resistant to electric shocks. (rElec)
You are resistant to unholy torment.
You are immune to petrification.


Message History

The ball python constricts you.
The ball python bites you but does no damage.
The ball python constricts you. The worm bites you but does no damage.
You barely miss the worm.
The worm is heavily wounded.
The ball python bites you but does no damage.
The ball python constricts you.
You closely miss the ball python. You block the ball python's attack.
The ball python constricts you. The worm bites you but does no damage.
The ball python barely misses you. The ball python constricts you.
* * * LOW HITPOINT WARNING * * *
You hit the worm.
The worm is almost dead.
The ball python bites you but does no damage.
The ball python constricts you. The worm barely misses you.
You riposte.
You hit the worm.
The worm is almost dead.
You block the ball python's attack. The ball python constricts you.
You barely miss the worm.
The worm is almost dead.
The ball python bites you but does no damage.
The ball python constricts you. The worm bites you but does no damage.
You block the ball python's attack. The ball python constricts you.
You hit the worm but do no damage.
The worm is almost dead.
You block the ball python's attack. The ball python constricts you.
The worm bites you.
* * * LOW HITPOINT WARNING * * *
The ball python bites you but does no damage.
The ball python constricts you.
You hit the worm.
The worm is almost dead.
You block the ball python's attack. The ball python constricts you.
You block the worm's attack.
You barely miss the worm.
The worm is almost dead.
You block the ball python's attack. The ball python constricts you.
The ball python barely misses you. The ball python constricts you.
The worm bites you.
You die...

#.# #.# #.# #.# #.#
#.# #.# #.# #.# ##.##
#.# ###...########g#
#...........##S#
#.#...#####.##@#
#.##.######..#w#
#.##........#.#.......
#.#########......#####
#..## #..###.# #.#.#
#..# .# ##.## #..# .#
#.# #... # #.# #....


You could see a worm, a hobgoblin and a ball python.

Vanquished Creatures
  An adder (D:2)
  2 dart slugs
  2 ball pythons (D:2)
  A bat (D:1)
  4 endoplasms
  2 hobgoblins
  A quokka (D:1)
  A frilled lizard (D:2)
  A goblin (D:2)
  A kobold (D:1)
  2 rats
18 creatures vanquished.

Notes
Turn   | Place    | Note
-------+----------+-------------------------------------------
     0 | D:1      | lonewolfV2 the Gargoyle Fighter began the quest for the
                  | Orb.
     0 | D:1      | Reached XP level 1. HP: 14/14 MP: 1/1
   216 | D:1      | Reached XP level 2. HP: 17/19 MP: 2/2
   780 | D:2      | Reached XP level 3. HP: 19/24 MP: 3/3
   795 | D:2      | Slain by a worm

Illustrated notes

Levels and vault maps discovered:
D:1:      amcnicky_arrival_choice, layout_rooms,
          shapermc_ecumenical_altar_hornbeckon, serial_shops,
          nicolae_shop_temple_entry_statues_fountains
D:2:      layout_loops_ring, grunt_ministairs_4

Skill      XL: |  1  2 |
---------------+-------+-----
Long Blades    | 2 |  2.1
Fighting       | |  3.7
Armour         | |  3.6
Shields        | |  3.7

Action                   || total
-------------------------++-------
Melee: Long sword        ||    73
Armor: Scale mail        ||    59
Dodge: Dodged            ||    35
Block: Kite shield       ||    60
       Rpst.: Long sword ||     9
